 Dungeon Crawl Stone Soup version 0.23.2-40-g277498a001 (webtiles) character file.

Game seed: 1417976259441922989

203 Aggronaut the Changer (level 5, -1/40 HPs)
             Began as a Draconian Transmuter on Aug 13, 2019.
             Slain by an ice beast (10 damage)
             ... on level 3 of the Dungeon.
             The game lasted 00:06:41 (3011 turns).

Aggronaut the Changer (Draconian Transmuter)        Turns: 3011, Time: 00:06:41

Health: -1/40      AC:  6    Str: 13    XL:     5   Next: 51%
Magic:  8/8        EV: 12    Int: 13    God:
Gold:   119        SH:  0    Dex: 12    Spells: 2/8 levels left

rFire    . . .     SeeInvis .     - Unarmed
rCold    . . .     Gourm    .   (no shield)
rNeg     . . .     Faith    .   (armour unavailable)
rPois    .         Spirit   .   (helmet restricted)
rElec    .         Reflect  .   l - +0 cloak
rCorr    .         Harm     .   (no gloves)
MR       .....                  (no boots)
Stlth    +.........             (no amulet)
HPRegen  0.13/turn              (no ring)
MPRegen  0.11/turn              (no ring)

@: appendage (expiring)
A: unfitting armour, horns 2, cold-blooded, AC +5
a: End Transformation


You were on level 3 of the Dungeon.
You were not hungry.
You had grown temporary horns.
You visited 1 branch of the dungeon, and saw 3 of its levels.

You collected 119 gold pieces.

Inventory:

Missiles
 a - 37 arrows
 d - 8 tomahawks (quivered)
Armour
 l - a +0 cloak (worn)
Wands
 n - a wand of iceblast (6)
Scrolls
 b - a scroll of teleportation
 e - 2 scrolls of enchant weapon {unknown}
 f - a scroll of enchant armour
 g - a scroll of magic mapping
 k - a scroll of amnesia
 p - 2 scrolls of remove curse {unknown}
Potions
 h - a potion of haste
 j - 2 potions of curing
 m - a potion of magic {unknown}
 o - a potion of agility
 q - a potion of brilliance {unknown}
 r - a potion of cancellation {unknown}
Comestibles
 c - 4 rations
 i - 4 chunks of flesh


   Skills:
 - Level 1.1 Fighting
 - Level 1.7 Dodging
 + Level 4.3 Unarmed Combat
 - Level 2.0 Spellcasting
 * Level 4.9 Transmutations


You had 2 spell levels left.
You knew the following spells:

 Your Spells              Type           Power        Failure   Level  Hunger
a - Beastly Appendage     Tmut           ##....       3%          1    ##.....
b - Spider Form           Tmut/Pois      #.........   28%         3    ####...
c - Sticks to Snakes      Tmut           ##......     5%          2    ###....

Your spell library contained the following spells:

 Spells                   Type           Power        Failure   Level  Hunger
 Ice Form                 Ice/Tmut       #.......     67%         4    #####..
 Blade Hands              Tmut           ##........   67%         5    ######.


Dungeon Overview and Level Annotations

Branches:
Dungeon (3/15)

Altars:
Makhleb
Zin


Innate Abilities, Weirdness & Mutations

Your plain brown scales are hard. (AC +5)
You cannot fit into any form of body armour.
You are cold-blooded and may be slowed by cold attacks.
You have a pair of horns on your head.


Message History

The ice beast is heavily wounded.
Your transformation is almost over.
The ice beast closely misses you.
You hit the ice beast. Your headbutt misses the ice beast.
You tail-slap the ice beast. You punch the ice beast.
The ice beast is severely wounded.
The ice beast hits you but does no damage.
You barely miss the ice beast.
Your tail-slap misses the ice beast.
The ice beast is heavily wounded.
The ice beast hits you. The ice beast freezes you!
* * * LOW HITPOINT WARNING * * *
You barely miss the ice beast.
The ice beast is heavily wounded.
The ice beast misses you.
You hit the ice beast but do no damage.
The ice beast is heavily wounded.
The ice beast hits you.
* * * LOW HITPOINT WARNING * * *
The ice beast freezes you!
You die...

##### ######
#...############
......#######
#.#............#
....$.......#
#.############..
............####.########
###
............KY@..........
..........((####.########
.## ............# #..#
#... ...<........# #.##
#### ..(.........# #.
......####### #.# ###...
##.######### #.##
#..........# ..
#..........#


You could see an ice beast and a kobold.

Vanquished Creatures
  A phantom (D:2)
  4 gnolls
  2 adders
  3 oozes
  2 worms (D:2)
  2 leopard geckos
  A giant cockroach (D:2)
  2 goblins (D:1)
  4 hobgoblins
  7 kobolds (D:1)
  2 quokkas
  2 ball pythons
  3 bats
  2 frilled lizards
  6 rats
43 creatures vanquished.

Notes
Turn   | Place    | Note
-------+----------+-------------------------------------------
     0 | D:1      | Aggronaut the Draconian Transmuter began the quest for the
                  | Orb.
     0 | D:1      | Reached XP level 1. HP: 16/16 MP: 3/3
    58 | D:1      | Reached XP level 2. HP: 8/23 MP: 5/5
   979 | D:1      | Reached XP level 3. HP: 28/28 MP: 6/6
  1831 | D:2      | Found a burning altar of Makhleb.
  1835 | D:2      | Noticed a blizzard demon
  1836 | D:2      | Found a glowing silver altar of Zin.
  1836 | D:2      | Noticed an angel
  1848 | D:2      | Noticed a phantom
  1888 | D:2      | Killed a phantom
  1888 | D:2      | Reached XP level 4. HP: 10/35 MP: 7/7
  2246 | D:2      | Learned a level 3 spell: Spider Form
  2249 | D:2      | Learned a level 2 spell: Sticks to Snakes
  2314 | D:2      | Reached XP level 5. HP: 37/40 MP: 8/8
  2987 | D:3      | Noticed an ice beast
  3011 | D:3      | Slain by an ice beast

Skill      XL: |  1  2  3 |
---------------+----------+-----
Transmutations | 3 4 |  4.9
Unarmed Combat | 4 |  4.3
Fighting       | |  1.1
Dodging        | |  1.7
Spellcasting   | |  2.0

Action                   |  1- 3 |  4- 6 || total
-------------------------+-------+-------++-------
Melee: Unarmed           |   135 |    92 ||   227
       Tailslap          |    13 |     9 ||    22
       Headbutt          |     2 |     2 ||     4
       Punch             |     1 |     1 ||     2
 Cast: Beastly Appendage |     1 |     3 ||     4
       Sticks to Snakes  |       |     3 ||     3
  Use: Potion            |     5 |       ||     5
       Scroll            |       |     5 ||     5
 Stab: Sleeping          |     1 |     1 ||     2
  Eat: Chunk             |     3 |     4 ||     7
Armor: Skin              |    30 |    28 ||    58
Dodge: Dodged            |    60 |    58 ||   118
